 Dungeon Crawl Stone Soup version 0.27-a0-1595-g0b823d0a13 (webtiles) character file.

Game seed: 8680032614623643363

31 ezpacito the Skirmisher (level 3, 29/29 HPs)
             Began as a Demonspawn Abyssal Knight on July 20, 2021.
             Was a Follower of Lugonu.
             Quit the game on level 1 of the Dungeon.
             The game lasted 00:01:24 (1026 turns).

ezpacito the Skirmisher (Demonspawn Abyssal Knight) Turns: 1026, Time: 00:01:25

Health: 29/29      AC:  3    Str: 12    XL:     3   Next: 7%
Magic:  5/5        EV: 11    Int: 13    God:    Lugonu [*.....]
Gold:   55         SH:  0    Dex: 13    Spells: 2/2 levels left

rFire    . . .     SeeInvis .   a - +1 hand axe
rCold    . . .     Faith    .   (no shield)
rNeg     . . .     Spirit   .   b - +0 leather armour
rPois    .         Reflect  .   (no helmet)
rElec    .         Harm     .   (no cloak)
rCorr    .         Rampage  .   (no gloves)
Will     .....                  (no boots)
Stlth    +.........             (no amulet)
HPRegen  0.09/turn              (no ring)
MPRegen  0.09/turn              (no ring)

@: no status effects
A: hooves 1, powered by death 1
a: Renounce Religion, Depart the Abyss


You were on level 1 of the Dungeon.
You worshipped Lugonu.
Lugonu was aware of your devotion.
You visited 1 branch of the dungeon, and saw 1 of its levels.
You visited the Abyss 1 time.

You collected 55 gold pieces.

Inventory:

Hand Weapons
 a - a +1 hand axe (weapon)
Missiles
 h - 29 stones
Armour
 b - a +0 leather armour (worn)
 g - a +0 ring mail
Scrolls
 d - a scroll of teleportation {unknown}
 e - a scroll of enchant armour {unknown}
Potions
 c - a potion of might {unknown}
 f - a potion of curing {unknown}


   Skills:
 + Level 3.2 Fighting
 * Level 2.3 Axes
 + Level 2.0 Armour
 + Level 1.1 Dodging
 + Level 0.4 Spellcasting
 + Level 2.9 Invocations


You had 2 spell levels left.
You didn't know any spells.
Your spell library was empty.

Dungeon Overview and Level Annotations

Branches:
Dungeon (1/15)

Altars:


Innate Abilities, Weirdness & Mutations

You have large cloven feet.
You regenerate a little health from kills.


Message History

a +0 dagger; a jackal corpse; a goblin corpse An endoplasm comes into view.
Found a stone staircase leading down.
A kobold comes into view. It is wielding a +0 club.
A frilled lizard comes into view.
The kobold shouts!
The kobold throws a stone.
The stone hits you but does no damage.
The frilled lizard hisses angrily.
Found 7 gold pieces.
The endoplasm barely misses you. The kobold closely misses you.
You hit the kobold.
You kill the kobold!
Lugonu accepts your kill.
You barely miss the frilled lizard. You hit the endoplasm.
The frilled lizard bites you. The endoplasm hits you.
The frilled lizard barely misses you.
Your Armour skill increases to level 2!
You have reached level 3!
Your experience leads to an increase in your attributes!
Increase (S)trength, (I)ntelligence, or (D)exterity?
You feel agile.
Your demonic ancestry asserts itself...
Your feet thicken and deform.
You hit the endoplasm.
You kill the endoplasm!
Lugonu accepts your kill.
You miss the frilled lizard. The frilled lizard closely misses you.
You hit the frilled lizard.
You kill the frilled lizard!
Lugonu accepts your kill.
h - 29 stones (gained 3)
There is a stone staircase leading down, spattered with blood here.
You see here a +0 club.
You now have 55 gold pieces (gained 7).
Things that are here:
a +0 dagger; a jackal corpse; a goblin corpse You see here a +0 dagger.
Done exploring.
Done exploring.
Done exploring.
Are you sure you want to abandon this character and quit the game? (Confirm with "yes".)

####### ......# #.#.#.# #...#.#
### ####### #.#.#.########### #.#
#...... ..........##....# ####.#
#...... #......##.##....# #.##.#
#......
#.#.##.##.##....####.##.###......
................@.........#......
.................................
##...#.##.##....####.............
.....#.##.##....# #..†....######
.#..............####.##....#
...###.....................# .#.#
#..#.##..>.###..####..# ...#
#..#.##....###........###
...####.#..........^.........#


There were no monsters in sight!

Vanquished Creatures
  A dart slug (D:1)
  3 endoplasms (D:1)
  A giant cockroach (D:1)
  4 goblins (D:1)
  A hobgoblin (D:1)
  6 jackals (D:1)
  A quokka (D:1)
  A ball python (D:1)
  2 bats (D:1)
  3 frilled lizards (D:1)
  2 kobolds (D:1)
25 creatures vanquished.

Notes
Turn   | Place    | Note
-------+----------+-------------------------------------------
     0 | Abyss:1  | ezpacito the Demonspawn Abyssal Knight began the quest for
                  | the Orb.
     0 | Abyss:1  | Reached XP level 1. HP: 18/18 MP: 2/2
     3 | Abyss:1  | Found a corrupted altar of Lugonu.
    73 | Abyss:1  | Noticed an apocalypse crab
    75 | D:1      | Escaped the Abyss
   344 | D:1      | Reached skill level 1 in Dodging
   358 | D:1      | Gained mutation: You regenerate a little health from kills.
                  | [demonic ancestry]
   358 | D:1      | Reached XP level 2. HP: 15/24 MP: 4/4
   453 | D:1      | Reached * piety under Lugonu
   960 | D:1      | Gained mutation: You have large cloven feet. [demonic
                  | ancestry]
   960 | D:1      | Reached XP level 3. HP: 26/29 MP: 5/5
  1026 | D:1      | Quit the game

Illustrated notes

Levels and vault maps discovered:
D:1:      wander_arrival_lonely_grave, layout_basic, glass_columns_a,
          roderic_serpentine_path

Skill      XL: |  1  2 |
---------------+-------+-----
Dodging        | 1 |  1.1
Axes           | 2 |  2.3
Armour         | 2 |  2.0
Fighting       | |  3.2
Spellcasting   | |  0.4
Invocations    | |  2.9

Action                   || total
-------------------------++-------
Melee: Hand axe          ||    59
Invok: Depart the Abyss  ||     1
 Stab: Sleeping          ||     2
Armor: Leather armour    ||    17
Dodge: Dodged            ||    46

Table legend: (Time is in decaauts)
 A = Elapsed time spent in this place.
 B = Non-inter-level travel time spent in this place.
 C = Inter-level travel time spent in this place.
 D = Time resting spent in this place.
 E = Time spent auto-exploring this place.
 F = Levels seen in this place.
 G = Mean time per level.
                   A        B        C        D        E       F      G
               +--------+--------+--------+--------+--------+-----+--------+
         Total |   1036 |   1036 |      0 |      0 |    840 |   2 |  518.0 |
       Dungeon |    961 |    961 |      0 |      0 |    776 |   1 |  961.0 |
         Abyss |     75 |     75 |      0 |      0 |     64 |   1 |   75.0 |
               +--------+--------+--------+--------+--------+-----+--------+

Top non-repeatable levels by time:
     D:1: 961 daAuts
 Abyss:1: 75 daAuts
